[Event "Early-Titled-Tuesday-Blitz-June-18-2024"]
[Site "Chess.com"]
[Date "2024.06.18"]
[Round "10"]
[White "FairChess_on_YouTube"]
[Black "IMRosen"]
[Result "1-0"]
[WhiteElo "3094"]
[BlackElo "2768"]
[TimeControl "180+1"]
[EndTime "9:58:13 PDT"]
[Termination "FairChess_on_YouTube won by checkmate"]

1. b4 e5 2. Bb2 Bxb4 3. Bxe5 Nf6 4. c3 Ba5 5. Qa4 Nc6 6. Bxf6 Qxf6 7. Nf3 O-O 8. e3 Qg6 9. Nh4 Qg5 10. Be2 d5 11. O-O Bd7 12. Nf3 Qg6 13. d4 Rad8 14. Qb3 Bc8 15.
Nbd2 Ne7 16. Qa3 Nc6 17. Rab1 Bb6 18. Kh1 Rfe8 19. Rfe1 Ne7 20. c4 c6 21. c5 Bc7 22.
Qxa7 h5 23. Rxb7 Bxb7 24. Qxb7 Rc8 25. g3 Qc2 26. Qb3 Qxb3 27. Nxb3 Rb8 28. Nfd2 Ra8 29. Ra1 Ra3 30. Bxh5 Rea8 31. Nc1 Ba5 32. Nb1 Ra4 33.
Bd1 Rc4 34. Na3 Rb4 35. Bb3 Rbb8 36. Rb1 Bd2 37. Nc2 Bc3 38. Ne2 Bd2 39. Rd1 Ba5 40. Nf4 g6 41. Nd3 Bc7 42. Ncb4 Kg7 43. Kg2 Ba5 44. Nc2 Kf6 45. Ne5 Bc7 46. Nd7+ Ke6 47. Nxb8 Rxb8 48. Ne1 Ra8 49. Nd3 f6 50. Rb1 Kd7 51. Re1 Ba5 52. Re2 f5 53. Ne5+ Ke6 54. e4 fxe4 55. Rxe4 Kf5 56. Rf4+ Kg5 57. Nf7+ Kh5 58.
Rh4# 1-0

[Event "Early-Titled-Tuesday-Blitz-June-18-2024"]
[Site "Chess.com"]
[Date "2024.06.18"]
[Round "10"]
[White "ShahMatKanal"]
[Black "Sondremelaa"]
[Result "0-1"]
[WhiteElo "2487"]
[BlackElo "2615"]
[TimeControl "180+1"]
[EndTime "9:58:13 PDT"]
[Termination "Sondremelaa won by resignation"]

1. b3 Nf6 2. Bb2 g6 3. e4 d6 4. Nf3 Bg7 5. d3 O-O 6. Qc1 Nc6 7. Be2 e5 8. Nc3 Bg4 9. h3 Bxf3 10. Bxf3 Nd4 11.
Bd1 c6 12. Ne2 Nd7 13. c3 Ne6 14. O-O f5 15. exf5 gxf5 16. f4 Ndc5 17. Qe3 e4 18.
dxe4 Nxe4 19. Bc2 d5 20. Rab1 Kh8 21. Bxe4 dxe4 22. c4 Bxb2 23. Rxb2 Qf6 24. Rd2 Rfd8 25. Rfd1 a5 26. g3 a4 27. Kf2 Rxd2 28. Rxd2 Rd8 29. Rxd8+ Qxd8 30. Qc3+ Kg8 31. b4 c5 32. Qe5 Nd4 33.
Qxc5 Nxe2 34. Kxe2 Qd3+ 35. Ke1 Qxg3+ 36. Kd1 Qf3+ 37.
Kc2 Qd3+ 38. Kc1 e3 39. Qd5+ Qxd5 40. cxd5 Kf8 41. Kc2 Ke7 42. Kd3 Kd6 43. Kxe3 Kxd5 44. Kd3 h6 45. b5 Kc5 46. a3 b6 47. Kc3 Kxb5 48. Kd4 Kc6 49. Kc4 b5+ 50. Kb4 Kb6 51.
Kc3 Kc5 52. Kd3 b4 53. axb4+ Kxb4 54. Kc2 Kc4 55. Kd2 Kd4 56. Kc2 Ke4 0-1

[Event "Early-Titled-Tuesday-Blitz-June-18-2024"]
[Site "Chess.com"]
[Date "2024.06.18"]
[Round "10"]
[White "GatoRojo150"]
[Black "Qvalda"]
[Result "0-1"]
[WhiteElo "2611"]
[BlackElo "2470"]
[TimeControl "180+1"]
[EndTime "9:58:15 PDT"]
[Termination "Qvalda won by checkmate"]

1. e4 e6 2. d4 d5 3. Nc3 Nf6 4. e5 Nfd7 5. Nf3 c5 6. Bg5 Qa5 7. Bd2 Qb6 8. Na4 Qc7 9. Nxc5 Nxc5 10. dxc5 Bxc5 11. Bd3 Nc6 12. Qe2 Nd4 13. Nxd4 Bxd4 14. O-O Bxe5 15. Bb5+ Kf8 16. f4 Bxb2 17. Rab1 Bd4+ 18.
Kh1 a6 19. Bd3 Bf6 20. Qh5 g6 21. Qh6+ Bg7 22. Qh4 h6 23. f5 exf5 24. Rbe1 Be6 25. Bf4 Qd7 26. Qg3 Kg8 27. h4 h5 28. Re2 Kh7 29. Rfe1 Bf6 30. Be5 Bxe5 31. Qxe5 Rhe8 32. Qf4 Rac8 33. Re5 Qd8 34. Kh2 Qf6 35. g3 Bd7 36. Qd4 Rxe5 37. Rxe5 Re8 38. Rxd5 Qxd4 39. Rxd4 Be6 40.
Rd6 Bxa2 41. Rd7 b5 42. Ra7 Kg7 43. Rxa6 Bc4 44. Rd6 Bxd3 45. cxd3 Rb8 46. Rc6 b4 47. Rc1 b3 48. Rb1 Kf6 49. Kg2 Ke5 50. Kf3 Kd4 51.
Ke2 Kc3 52. Rc1+ Kb2 53. Rd1 Re8+ 54. Kd2 Ka2 55. Kc3 Rc8+ 56. Kb4 b2 57. Rd2 Ka1 58. Ka3 b1=Q 59. Rd1 Ra8# 0-1

[Event "Early-Titled-Tuesday-Blitz-June-18-2024"]
[Site "Chess.com"]
[Date "2024.06.18"]
[Round "10"]
[White "FerAsensio2024"]
[Black "Adrian-thorsen"]
[Result "1-0"]
[WhiteElo "2511"]
[BlackElo "2326"]
[TimeControl "180+1"]
[EndTime "9:58:17 PDT"]
[Termination "FerAsensio2024 won by resignation"]

1. d4 e5 2. dxe5 Nc6 3. Nf3 d6 4. Bg5 Qd7 5. exd6 Bxd6 6. e3 Nf6 7. Nc3 Qe6 8. Nd4 Nxd4 9. Qxd4 Bd7 10. Bxf6 gxf6 11.
O-O-O Be5 12. Qb4 O-O-O 13. Be2 Bc6 14. Bf3 Rhg8 15. Rxd8+ Rxd8 16. Rd1 Rxd1+ 17. Nxd1 Bxf3 18. gxf3 Bxh2 19. Qh4 Be5 20. f4 Bd6 21. Nc3 Bb4 22. f5 Qd6 23. Ne4 Qe5 24. f3 Bc5 25. Kd2 Qxf5 26.
Qg4 Qxg4 27. fxg4 Be7 28. Ng3 Kd7 29. Kd3 Ke6 30. Ke4 c5 31. Nh5 Bf8 32. Nf4+ Kd6 33. Kf5 Be7 34. Nh5 b5 35. e4 a5 36. Nxf6 Bxf6 37.
Kxf6 c4 38. Kxf7 Ke5 39. Kg7 Kxe4 40. Kxh7 Kf4 41. Kg6 Kxg4 42. Kf6 b4 43. Ke5 Kf3 44. Kd4 c3 45. bxc3 bxc3 46. Kxc3 Ke3 47. Kc4 Kd2 48.
c3 Kc2 49. a4 Kb2 50. Kb5 Kxc3 51. Kxa5 Kc4 52. Kb6 Kd5 53. a5 Kd6 54. a6 Kd7 55. Kb7 1-0

[Event "Early-Titled-Tuesday-Blitz-June-18-2024"]
[Site "Chess.com"]
[Date "2024.06.18"]
[Round "10"]
[White "Lion-Al-Messi"]
[Black "KnightDuta"]
[Result "1-0"]
[WhiteElo "2647"]
[BlackElo "2726"]
[TimeControl "180+1"]
[EndTime "9:58:18 PDT"]
[Termination "Lion-Al-Messi won by checkmate"]

1. e4 d5 2. exd5 Nf6 3. Nf3 Nxd5 4. d4 Bg4 5. Be2 e6 6. h3 Bh5 7. g4 Bg6 8. c4 Nb6 9. Nc3 Nc6 10. Be3 Bb4 11. O-O h5 12. d5 exd5 13. Nxd5 hxg4 14.
hxg4 Be4 15. Nxb4 Qc8 16. Nh2 Nxb4 17. Qd4 Qe6 18. Rad1 Nd7 19. Bf4 Nc6 20. Qe3 O-O-O 21.
f3 g5 22. Bxg5 f6 23. Bf4 f5 24. fxe4 fxg4 25. Bxg4 Rhg8 26. Qg3 Qxc4 27. Bxc7 Qc5+ 28. Kh1 Rxg4 29. Nxg4 Qh5+ 30. Nh2 Rh8 31. Qg7 Rh7 32. Qg3 Nde5 33. Bxe5 Nxe5 34. Rc1+ Kd7 35. Rfd1+ Ke7 36.
Rc7+ Ke6 37. Rxh7 Qxh7 38. Qg2 Qh5 39. Re1 Qh4 40. Qe2 Qg3 41. Rg1 Qh3 42. Qg2 Qe3 43.
Qg8+ Kd6 44. Qd8+ Kc6 45. Qe8+ Kd6 46. Rd1+ Nd3 47. Rxd3+ Kc5 48. Rxe3 Kd4 49. Qd7+ Kxe3 50. e5 b5 51. e6 b4 52. e7 b3 53. e8=Q+ Kf2 54. Qdf7+ Kg3 55. Qe3+ Kh4 56. Qh7# 1-0

[Event "Early-Titled-Tuesday-Blitz-June-18-2024"]
[Site "Chess.com"]
[Date "2024.06.18"]
[Round "10"]
[White "annasargsyan_m"]
[Black "Chessmatenokk17"]
[Result "1-0"]
[WhiteElo "2641"]
[BlackElo "2784"]
[TimeControl "180+1"]
[EndTime "9:58:19 PDT"]
[Termination "annasargsyan_m won by checkmate"]

1. d4 Nf6 2. Nf3 e6 3. e3 d5 4. Bd3 Nbd7 5. O-O Bd6 6. b3 O-O 7. Bb2 c5 8. Nbd2 Qe7 9. Ne5 Ne8 10. f4 g6 11. c4 cxd4 12. exd4 f6 13. Nxd7 Bxd7 14. cxd5 exd5 15. Qf3 Qf7 16. Rfe1 Nc7 17. Nf1 Bb5 18. Bxb5 Nxb5 19. Ne3 Nc7 20. Re2 Rfe8 21.
Rae1 Re4 22. Ng4 Qf8 23. Rxe4 dxe4 24. Qc3 h5 25. Nf2 Bb4 26. Qc4+ Kh8 27. Rxe4 Rc8 28. d5 Bd6 29. Qd4 Kg7 30. g3 b6 31. Kg2 Re8 32.
Rxe8 Nxe8 33. Ne4 Qe7 34. Kf3 Bc5 35. Qd3 Bd6 36. Qc2 Kg8 37. Qc6 Kf7 38. Qc8 Qc7 39. Qe6+ Kf8 40. Bxf6 Qf7 41. Qxf7+ Kxf7 42. Bd4 Bc7 43.
Ng5+ Ke7 44. Ne6 Kd7 45. Nxc7 Nxc7 46. Ke4 Kd6 47. Be5+ Kc5 48. Bxc7 Kb4 49. Ke5 Ka3 50. d6 b5 51. d7 b4 52. d8=Q a5 53. Qd6 g5 54. Qc5 a4 55. Qa5 Kxa2 56. Qxa4+ Kb2 57. Qxb4 gxf4 58. Qe4 fxg3 59. Qg2+ Kxb3 60. Qxg3+ Ka4 61. Qh3 Kb5 62. Qxh5 Kc6 63. Qf7 Kb7 64. h4 Kc6 65. h5 Kb5 66. h6 Ka4 67. h7 Kb4 68. h8=Q Kb5 69. Qh2 Kc6 70. Qc2+ Kb7 71. Qcb3+ Ka6 72. Qa4+ Kb7 73. Qb5+ Kc8 74. Qfe8+ Kxc7 75. Qed7# 1-0

[Event "Early-Titled-Tuesday-Blitz-June-18-2024"]
[Site "Chess.com"]
[Date "2024.06.18"]
[Round "10"]
[White "Herzog2012"]
[Black "Defend1r"]
[Result "0-1"]
[WhiteElo "2617"]
[BlackElo "2550"]
[TimeControl "180+1"]
[EndTime "9:58:21 PDT"]
[Termination "Defend1r won on time"]

1. e4 c5 2. Nf3 d6 3. d4 cxd4 4. Nxd4 Nf6 5. Nc3 a6 6. Bg5 e6 7. f4 Nbd7 8. Qf3 h6 9. Bh4 e5 10. Bxf6 Nxf6 11. Nf5 g6 12. Ne3 exf4 13. Qxf4 h5 14.
Ned5 Nxd5 15. Nxd5 Bh6 16. Qf2 Be6 17. Bc4 O-O 18. O-O Rc8 19. Bb3 Bg7 20. c3 Kh8 21. Nf4 Bxb3 22. axb3 Qg5 23. Nd5 Rce8 24. Rae1 Be5 25.
Re3 f5 26. Rf3 f4 27. Nxf4 Bxf4 28. Rxf4 Rxf4 29. Qxf4 Qxf4 30. Rxf4 Kg7 31. Kf2 Re5 32. c4 Ra5 33. Ke3 Ra1 34. Rf2 Re1+ 35. Kd4 Rd1+ 36. Kc3 g5 37. Rf5 Kg6 38. Rd5 Rg1 39. Rxd6+ Kf7 40.
Rd7+ Ke6 41. Rxb7 Rxg2 42. Rb6+ Ke5 43. c5 Rg1 44. b4 g4 45. Rxa6 h4 46. Rh6 h3 47. Rg6 Kxe4 48. Kc4 Kf5 49. Rg8 Rg2 50. c6 Rxh2 51. Kb5 Rc2 52. Kb6 h2 53. Rh8 g3 54.
c7 g2 55. Rxh2 g1=Q+ 0-1

[Event "Early-Titled-Tuesday-Blitz-June-18-2024"]
[Site "Chess.com"]
[Date "2024.06.18"]
[Round "10"]
[White "edgarhay012"]
[Black "Flawless_Fighter"]
[Result "1-0"]
[WhiteElo "2706"]
[BlackElo "2804"]
[TimeControl "180+1"]
[EndTime "9:58:22 PDT"]
[Termination "edgarhay012 won on time"]

1. e4 e5 2. Nf3 Nf6 3. Nc3 Nc6 4. a3 d5 5. exd5 Nxd5 6. Bb5 Nxc3 7. bxc3 Bd6 8. d3 O-O 9. O-O Bg4 10. h3 Bh5 11. Qe2 f5 12. Qe3 Qf6 13. Qg5 Bxf3 14. Qxf6 Rxf6 15. gxf3 Ne7 16. Bc4+ Kh8 17. Rb1 b6 18. Kh1 Ng6 19. a4 a5 20. Bd5 Re8 21. Rg1 Bc5 22.
Be3 Bd6 23. Rg5 Ne7 24. Bb3 f4 25. Bd2 Ng6 26. Bd5 Bc5 27. Rf1 Nf8 28. Rg4 g6 29.
Rg2 Kg7 30. Re1 Nd7 31. Bc4 Re7 32. h4 h5 33. Bd5 Bd6 34. d4 exd4 35. cxd4 Rxe1+ 36. Bxe1 Bb4 37. c3 Ba3 38. Bd2 c5 39. Be4 cxd4 40.
cxd4 Bb2 41. Rg5 Nf8 42. Rd5 Ne6 43. Rd7+ Rf7 44. Rd6 Re7 45. Rxb6 Bxd4 46. Rb5 Bxf2 47. Bxa5 Bxh4 48. Bb4 Rc7 49. a5 Bg3 50. Kg2 h4 51. a6 Nd4 52. Rb7 1-0

[Event "Early-Titled-Tuesday-Blitz-June-18-2024"]
[Site "Chess.com"]
[Date "2024.06.18"]
[Round "10"]
[White "Sargsyan_Shant"]
[Black "FabianoCaruana"]
[Result "1-0"]
[WhiteElo "3002"]
[BlackElo "3121"]
[TimeControl "180+1"]
[EndTime "9:58:23 PDT"]
[Termination "Sargsyan_Shant won by resignation"]

1. c4 e5 2. g3 Be7 3. Bg2 f5 4. d4 d6 5. Nc3 Nf6 6. e3 O-O 7.
Nge2 a5 8. b3 c6 9. Bb2 Qe8 10. Qc2 Na6 11. a3 e4 12. h4 Nc7 13. Nf4 Ne6 14. Nce2 d5 15. Rc1 Bd6 16. Bh3 Nxf4 17. Nxf4 Qe7 18. a4 Bd7 19. Kf1 g6 20.
Kg2 Kg7 21. Bc3 h6 22. h5 Bxf4 23. gxf4 Nxh5 24. cxd5 cxd5 25. Qd2 b6 26. b4 Nf6 27.
bxa5 bxa5 28. Bxa5 Rfc8 29. Bc7 Rxa4 30. Be5 Rac4 31.
Rxc4 dxc4 32. d5 Kf7 33. Ra1 g5 34. Ra6 Ng8 35. Kg1 Qc5 36. Bc3 g4 37. Bf1 h5 38.
Qa2 Qxd5 39. Ra5 Qc6 40. Qd2 Nf6 41. Qd4 Qe6 42. Re5 Qc6 43. Ra5 Qe6 44. Ra7 Ke8 45. Rb7 h4 46. Rb6 Rc6 47. Rxc6 Bxc6 48. Qxf6 Qxf6 49. Bxf6 Bd5 50. Bxh4 c3 51. Bf6 c2 52. Bb2 Kd7 53. Bb5+ Bc6 54. Bc4 Kc7 55. Bb3 Kb6 56. Bxc2 Kb5 57. Bb3 Bd7 58. Bg8 Kb4 59. Kg2 Kc5 60.
Be5 1-0

[Event "Early-Titled-Tuesday-Blitz-June-18-2024"]
[Site "Chess.com"]
[Date "2024.06.18"]
[Round "10"]
[White "gilbert_gm"]
[Black "SuperPower2011"]
[Result "1-0"]
[WhiteElo "2871"]
[BlackElo "2715"]
[TimeControl "180+1"]
[EndTime "9:58:23 PDT"]
[Termination "gilbert_gm won on time"]

1. e4 c5 2. h3 Nc6 3. Bb5 Nd4 4. Be2 d6 5. Nf3 Nxe2 6. Qxe2 Nf6 7. d4 cxd4 8. Nxd4 g6 9. O-O Bg7 10. c4 O-O 11. Rd1 Qc7 12. Nc3 a6 13. Bg5 Be6 14.
Nxe6 fxe6 15. e5 dxe5 16. Rac1 Rad8 17. b3 Kh8 18. Rxd8 Rxd8 19. Rd1 Rxd1+ 20. Qxd1 Qd6 21.
Qf3 Qd7 22. Ne4 Nxe4 23. Qxe4 h6 24. Be3 Kh7 25. g4 Bf6 26. Kg2 Kg7 27. Kg3 g5 28. Kg2 Qc7 29. Kf3 Qd7 30. Ke2 Qc7 31. b4 Qd7 32.
Qc2 Qc6 33. f3 Qc7 34. Qe4 Qd7 35. Bd2 Qc7 36. a4 Qd7 37. b5 Qc8 38. Be3 Qd7 39. Bd2 Kf7 40. Bb4 Qc7 41. c5 axb5 42. axb5 Qd7 43. c6 bxc6 44. bxc6 Qc7 45. Be1 Qb6 46. Bd2 Qb5+ 47. Kd1 Qf1+ 48. Kc2 Qa6 49. Bc3 Ke8 50. Kb3 Kd8 51. Qc4 Qb6+ 52. Ka4 Kc7 53. Ba5 Qxa5+ 54. Kxa5 e4 55. Qxe4 1-0

[Event "Early-Titled-Tuesday-Blitz-June-18-2024"]
[Site "Chess.com"]
[Date "2024.06.18"]
[Round "10"]
[White "CristhianPortalR"]
[Black "WilliamAlfaroCaracas"]
[Result "1-0"]
[WhiteElo "2510"]
[BlackElo "2362"]
[TimeControl "180+1"]
[EndTime "9:58:24 PDT"]
[Termination "CristhianPortalR won on time"]

1. e4 c5 2. Nf3 d6 3. d4 cxd4 4.
Nxd4 Nf6 5. Nc3 a6 6. Bg5 Nbd7 7. Bc4 Qb6 8. Bb3 h6 9. Bxf6 Nxf6 10. Qd2 g6 11. f4 Bg7 12. f5 Nxe4 13. Nxe4 Qxd4 14. Qxd4 Bxd4 15. fxg6 fxg6 16. O-O-O Be5 17. Bd5 e6 18.
Bb3 Ke7 19. Nd2 b5 20. Nf3 Bf6 21. Rhe1 Bd7 22. Rd2 a5 23. a3 a4 24. Ba2 Rac8 25. Rde2 e5 26. Rd1 Bf5 27. Nd4 Bd7 28. Kb1 Rhf8 29. Nf3 g5 30. Bd5 Rc5 31. Be4 Be6 32. h3 d5 33. Bg6 e4 34. Nd4 Bxd4 35. Rxd4 Rf1+ 36. Ka2 Kf6 37. Bh5 Ke5 38. c3 Rc4 39.
Rxc4 bxc4 40. Be8 g4 41. Bxa4 gxh3 42. gxh3 Bxh3 43. Rh2 Rf3 44. Bd1 Rg3 45. a4 d4 46.
cxd4+ Kxd4 47. a5 Bg4 48. Bxg4 Rxg4 49. Rxh6 Rg5 50. a6 Ra5+ 51. Kb1 c3 52. b4 Ra4 53.
Rb6 Kc4 54. b5 Kb3 55. Rc6 e3 56. b6 e2 57. Re6 1-0

[Event "Early-Titled-Tuesday-Blitz-June-18-2024"]
[Site "Chess.com"]
[Date "2024.06.18"]
[Round "10"]
[White "Chernov_Alexander_A"]
[Black "Dr_Pepper18"]
[Result "0-1"]
[WhiteElo "2297"]
[BlackElo "2452"]
[TimeControl "180+1"]
[EndTime "9:58:25 PDT"]
[Termination "Dr_Pepper18 won by resignation"]

1. d4 Nf6 2. Nc3 g6 3. e4 d6 4. Bf4 Bg7 5. Qd2 h5 6. h3 c6 7.
Nf3 Qa5 8. a3 b5 9. e5 b4 10. exf6 bxc3 11. fxg7 cxd2+ 12. Bxd2 Qxd2+ 13. Kxd2 Rg8 14. Bd3 Rxg7 15. Rhe1 Ba6 16. Re3 Bxd3 17. Kxd3 Nd7 18. Rae1 e6 19. c4 Rg8 20. Kc3 Ke7 21. Ng5 a5 22. Nxe6 fxe6 23. Rxe6+ Kd8 24. Rxd6 Kc7 25.
Ree6 Nb8 26. Rxg6 Rxg6 27. Rxg6 Nd7 28. Rh6 Rf8 29. f3 Rf5 30. b4 axb4+ 31. axb4 Nb6 32. Kd3 Rg5 33. g4 hxg4 34. hxg4 Rg8 35. Rh7+ Nd7 36.
Ke4 Re8+ 37. Kd3 Rf8 38. Ke3 Kd6 39. Rh6+ Kc7 40. Rh7 Rb8 41. b5 cxb5 42. cxb5 Rxb5 43. f4 Kd6 44. Rh6+ Ke7 45. g5 Nf8 46. Ke4 Ne6 47. Rh7+ Kd6 48. Rh6 Ke7 49. Rh7+ Kf8 50. d5 Nd8 51.
Rd7 Nf7 52. Kf5 Rb4 53. Kf6 Rxf4+ 54. Kg6 Ne5+ 55. Kh5 Nxd7 56. g6 Rf5+ 57. Kg4 Rxd5 58. g7+ Kxg7 0-1

[Event "Early-Titled-Tuesday-Blitz-June-18-2024"]
[Site "Chess.com"]
[Date "2024.06.18"]
[Round "10"]
[White "Timurist"]
[Black "pineapplehhh"]
[Result "1-0"]
[WhiteElo "2372"]
[BlackElo "2116"]
[TimeControl "180+1"]
[EndTime "9:58:26 PDT"]
[Termination "Timurist won on time"]

1. e4 e5 2. Nf3 Nc6 3. d4 exd4 4. Bc4 Nf6 5. e5 d5 6. Bb5 Nd7 7. O-O Be7 8. Bxc6 bxc6 9. e6 fxe6 10. Nxd4 Ne5 11.
Qh5+ Ng6 12. Nxc6 Qd6 13. Nxe7 Qxe7 14. Bg5 Qd6 15. Nc3 O-O 16. Qe2 Ba6 17. Nb5 Qc6 18. c4 dxc4 19. Nc3 Rae8 20. Rad1 Bb7 21. f3 Rf5 22. Be3 Re5 23. Qf2 a5 24. Rd4 Ne7 25.
Bf4 Rf5 26. Bg3 Nd5 27. Re1 Nxc3 28. bxc3 Rd5 29. Rde4 Rd3 30. Be5 Qb6 31. Rd4 Rxc3 32.
Qg3 g6 33. Qh4 Rf8 34. Qe7 Rf7 35. Qe8+ Rf8 36. Qe7 Rf7 37. Qd8+ Rf8 38. Qh4 Rd3 39.
Kh1 Rxd4 40. Bxd4 Qb4 41. Rd1 c5 42. Be5 Qa4 43. Re1 Qd7 44. Qh6 Rf5 45. h4 a4 46.
Kh2 Rh5 47. Qf4 Rf5 48. Qh6 Rh5 49. Qf4 Rf5 50. Qxc4 Bd5 51. Qxc5 Qd8 52. Bg3 Qe8 53.
Qe3 Qd7 54. Rc1 a3 55. Rc7 Qd8 56. Qc3 1-0

[Event "Early-Titled-Tuesday-Blitz-June-18-2024"]
[Site "Chess.com"]
[Date "2024.06.18"]
[Round "10"]
[White "ningyzhou"]
[Black "H3nriqueTV"]
[Result "1-0"]
[WhiteElo "2163"]
[BlackElo "2365"]
[TimeControl "180+1"]
[EndTime "9:58:28 PDT"]
[Termination "ningyzhou won by resignation"]

1. e4 c5 2. Nf3 b6 3. d4 cxd4 4. Nxd4 Bb7 5. Nc3 a6 6. Bd3 e6 7. O-O Qc7 8. Kh1 Nf6 9. f4 Nc6 10. Nxc6 Qxc6 11. Qe2 Bb4 12. Bd2 O-O 13. e5 Bxc3 14.
Bxc3 Nd5 15. Qe4 g6 16. Bd2 Qc5 17. Qe2 Qd4 18. c3 Qc5 19. Be4 Bc6 20. c4 Nb4 21. Bxb4 Qxb4 22. Bxc6 dxc6 23. a3 Qc5 24. b4 Qe7 25. Rfd1 Rad8 26. Rxd8 Rxd8 27. Rd1 Rxd1+ 28.
Qxd1 a5 29. Qd2 axb4 30. axb4 c5 31. b5 Kg7 32. h3 h5 33. Kh2 Qh4 34. g3 Qe7 35. h4 Qb7 36. Qd3 Qa8 37. Qd6 Qa2+ 38. Kh3 Qxc4 39. Qxb6 Qf1+ 40. Kh2 Qf2+ 41. Kh3 Qg1 42.
Qc6 c4 43. b6 c3 44. b7 c2 45.
b8=Q c1=Q 46. Qxc1 Qxc1 47. Qb7 Qg1 48. Qg2 Qd1 49. Kh2 Qg4 50. Qd2 Qf3 51. Qg2 Qd3 52. Qb2 Qd7 53. Qf2 f6 54. exf6+ Kxf6 55. Qb2+ Kf7 56. Qh8 Qd2+ 57. Kh3 Qd5 58. Qh7+ Kf8 59. Qh8+ Ke7 60. Qg7+ Kd6 61. Qf8+ Kc7 62. Qe7+ Kb6 63. Qb4+ Kc6 64. Qc3+ Kd7 65. Qg7+ Kd6 66. Qf8+ Kc7 67.
Qe7+ Kb6 68. Qb4+ Kc6 69. Qc3+ Kd6 70. Qb4+ Qc5 71. Qd2+ Ke7 72. Qd3 Kf7 73. Qd7+ Qe7 74. Qxe7+ Kxe7 75. Kg2 Kd6 76. Kf3 Kd5 77. Ke3 e5 78.
fxe5 Ke6 79. Kf3 Kxe5 80. Ke3 Ke6 81. Kf4 Kf6 82. Ke4 Ke6 83. Kf4 Kf6 84. g4 g5+ 85. hxg5+ Kg6 86. gxh5+ Kxh5 87. Kf5 1-0

[Event "Early-Titled-Tuesday-Blitz-June-18-2024"]
[Site "Chess.com"]
[Date "2024.06.18"]
[Round "10"]
[White "Anton_Demchenko"]
[Black "Dolphin_2010"]
[Result "0-1"]
[WhiteElo "2954"]
[BlackElo "2769"]
[TimeControl "180+1"]
[EndTime "9:58:29 PDT"]
[Termination "Dolphin_2010 won on time"]

1. e4 c6 2. d4 d5 3. e5 Bf5 4. Bd3 Bxd3 5. Qxd3 e6 6. c3 c5 7. Ne2 Nc6 8. O-O cxd4 9. cxd4 Nge7 10. Nd2 Nf5 11.
Nf3 Rc8 12. a3 Be7 13. g4 Nh4 14. Nxh4 Bxh4 15. f4 Be7 16. Bd2 h5 17. f5 hxg4 18.
fxe6 fxe6 19. Bc3 Kd7 20. Rf7 Qg8 21. Raf1 Qh7 22. Qxh7 Rxh7 23. Nf4 Nd8 24. Rxe7+ Kxe7 25. Ng6+ Ke8 26. Rf8+ Kd7 27. Kg2 Rh6 28. Nf4 b6 29. Kg3 g5 30. Ne2 Rh7 31. Kxg4 Nf7 32. Rxc8 Kxc8 33.
h3 Rh4+ 34. Kg3 Nh6 35. Ng1 Nf5+ 36. Kg2 g4 37. hxg4 Rxg4+ 38. Kf2 Nxd4 39. Nh3 Nf5 40.
Kf3 Rg3+ 41. Kf4 Rxh3 42. Kg5 Kd7 43. Bb4 Rf3 44. Kf6 d4 45. Kg5 d3 46. Kg4 Rf1 47. Kg5 Kc6 48. Kf6 Kd5 49. Kf7 a5 50. Bc3 Nd4+ 51.
Ke7 Nb5 52. Bd2 Kxe5 53. Kd7 Kd5 54. Kc8 Rf7 55. Kd8 Nd6 56. Bg5 e5 57. Bh4 d2 58.
Bg5 d1=Q 59. Be7 Qg4 0-1

[Event "Early-Titled-Tuesday-Blitz-June-18-2024"]
[Site "Chess.com"]
[Date "2024.06.18"]
[Round "10"]
[White "Silent-Killer100"]
[Black "suyu28"]
[Result "0-1"]
[WhiteElo "2579"]
[BlackElo "2760"]
[TimeControl "180+1"]
[EndTime "9:58:29 PDT"]
[Termination "suyu28 won by resignation"]

1. Nf3 Nf6 2. g3 b5 3. Bg2 Bb7 4. a4 b4 5. c3 e6 6. O-O c5 7. d4 bxc3 8. Nxc3 cxd4 9. Qxd4 Nc6 10.
Qf4 Be7 11. Be3 Nb4 12. Nb5 Nbd5 13. Nd6+ Bxd6 14. Qxd6 Nxe3 15. fxe3 Qb6 16. Qd4 O-O 17. Ne5 Qa6 18. Bxb7 Qxb7 19. Rxf6 gxf6 20. Nxd7 Rfd8 21. Nxf6+ Kf8 22. Nxh7+ Ke8 23. Qh8+ Kd7 24. Qf6 Kc6 25. Rc1+ Kb6 26. Ng5 Rac8 27. Rf1 Qd5 28. Nxf7 Rf8 29.
Qe7 Qe4 30. Qd6+ Kb7 31. Rf3 Ka8 32. Kf2 Qh7 33. Ng5 Rxf3+ 34. Kxf3 Qf5+ 35. Qf4 Qd5+ 36. Kf2 Qc5 37. Nf3 Qc6 38. Qd4 Rb8 39. b4 Qd5 40. Qxd5+ exd5 41. b5 Kb7 42. h4 Rg8 43. h5 Kb6 44.
Nd4 Ka5 45. Kf3 Kxa4 46. g4 Kb4 47. Kf4 Kc5 48. g5 Kd6 49. h6 Ke7 50. Nc6+ Kf7 51. Nxa7 Kg6 52. Nc6 Rf8+ 53. Kg4 Re8 54. Nd4 Rxe3 55.
Kf4 Re4+ 56. Kf3 Rxd4 57. b6 Rb4 58. e4 dxe4+ 59. Ke3 Rxb6 60. Kxe4 Kxg5 61. h7 Rh6 0-1

[Event "Early-Titled-Tuesday-Blitz-June-18-2024"]
[Site "Chess.com"]
[Date "2024.06.18"]
[Round "10"]
[White "falzehope0"]
[Black "Guldona_2007"]
[Result "1/2-1/2"]
[WhiteElo "2452"]
[BlackElo "2295"]
[TimeControl "180+1"]
[EndTime "9:58:29 PDT"]
[Termination "Game drawn by repetition"]

1. d4 f5 2. e3 Nf6 3. Bd3 g6 4. f4 Bg7 5. Nf3 O-O 6. O-O d6 7.
Nbd2 e6 8. e4 fxe4 9. Nxe4 Nbd7 10. Neg5 Nb6 11. Qe2 Qe7 12. Re1 Nfd5 13. Nxe6 Bxe6 14.
Qxe6+ Qxe6 15. Rxe6 Nxf4 16. Bxf4 Rxf4 17. Re7 Rf7 18.
Rae1 Raf8 19. c3 Rxe7 20. Rxe7 Rf7 21. Re2 Bh6 22. a4 a5 23. b4 d5 24. bxa5 Nxa4 25. Re8+ Rf8 26. Re7 Rf7 27. Re8+ Rf8 28. Re7 Rf7 29.
Rxf7 Kxf7 30. c4 Nb2 31. Ne5+ Ke7 32. cxd5 Be3+ 33. Kf1 Bxd4 34. Nf3 Bc3 35. a6 bxa6 36.
Bxa6 Na4 37. Bd3 Nb6 38. Ng5 h6 39. Ne4 Be5 40. d6+ cxd6 41. h3 g5 42. Nd2 Nd5 43. Be4 Nc3 44. Bc6 Ke6 45. Nf3 Bf6 46. Ne1 d5 47.
Nd3 d4 48. Ba8 Kd6 49. Bf3 Na4 50. Nf2 Nc5 51. Ne4+ Nxe4 52. Bxe4 Ke5 53. Bd3 Kf4 54. Ke2 Kg3 55. Be4 Be5 56. Kd3 h5 57. Bd5 Kf2 58. Be4 g4 59. hxg4 hxg4 60. Bd5 g3 61. Be4 Bf6 62. Bd5 Bg7 63. Be4 Bf6 64. Bd5 Bg7 65. Bc6 Bf6 66. Bb7 Bg7 67. Ba8 Bh8 68. Bb7 Bg7 69. Ba8 Bh8 70. Bb7 Bg7 1/2-1/2

[Event "Early-Titled-Tuesday-Blitz-June-18-2024"]
[Site "Chess.com"]
[Date "2024.06.18"]
[Round "10"]
[White "bescmelasti"]
[Black "N18player"]
[Result "1-0"]
[WhiteElo "2626"]
[BlackElo "2529"]
[TimeControl "180+1"]
[EndTime "9:58:30 PDT"]
[Termination "bescmelasti won on time"]

1. e4 e5 2. Nf3 Nc6 3. Bb5 a6 4. Ba4 d6 5. O-O Bd7 6. Nc3 g6 7. Bxc6 Bxc6 8. d4 Bg7 9. Re1 Ne7 10. Bg5 h6 11. Be3 O-O 12. Qd2 Kh7 13. Rad1 exd4 14.
Bxd4 Bd7 15. Bxg7 Kxg7 16. e5 Bc6 17. exd6 cxd6 18. Qxd6 Bxf3 19. Qxd8 Rfxd8 20. Rxd8 Rxd8 21. Rxe7 Bc6 22. f3 Kf6 23. Re2 Rd4 24. Kf2 Rb4 25. b3 Rd4 26. Ke3 Rd7 27. Rd2 Re7+ 28. Kf2 Rc7 29. Ne2 Bd7 30. h4 g5 31. hxg5+ hxg5 32.
Ng3 Kg7 33. Ne4 g4 34. f4 Bf5 35. Nd6 Bd7 36. c4 Bc6 37. a4 Kf6 38. Kg3 Re7 39.
Rd3 Re2 40. Kxg4 Rxg2+ 41. Kh3 Rg8 42. a5 Rg1 43. b4 Rb1 44. b5 axb5 45. cxb5 Bxb5 46.
Rc3 Ba6 47. Rc7 Ra1 48. Rc5 Rg1 49. Ne4+ Kg7 50. Kh4 Be2 51. Rg5+ Rxg5 52. Kxg5 Bf3 53. Nd6 Bd5 54. Kf5 Bc6 55. Ke5 Bf3 56. f5 Bc6 57. Nc4 Bf3 58. Ne3 Bc6 59. Nc2 Bf3 60. Nd4 Bg2 61.
Ne2 Bh1 62. Nf4 Bc6 63. Nh5+ Kh6 64. Nf4 Kg5 65. Nd3 Bh1 66. Nc5 Bc6 67. Nb3 f6+ 68.
Ke6 Be4 69. Nd4 Bd3 70. Kd6 Bxf5 71. Nxf5 Kxf5 72. Kc7 Kg4 73. Kxb7 f5 74. a6 f4 75. a7 f3 76. a8=Q f2 77. Qa1 1-0

[Event "Early-Titled-Tuesday-Blitz-June-18-2024"]
[Site "Chess.com"]
[Date "2024.06.18"]
[Round "10"]
[White "MagnusCarlsen"]
[Black "PLAYER_2006_M"]
[Result "1-0"]
[WhiteElo "3181"]
[BlackElo "2965"]
[TimeControl "180+1"]
[EndTime "9:58:31 PDT"]
[Termination "MagnusCarlsen won on time"]

1. e4 e5 2. Nf3 Nf6 3. d3 Nc6 4.
g3 g6 5. Bg2 Bg7 6. O-O O-O 7.
Re1 d6 8. c3 h6 9. Nbd2 Be6 10.
d4 Bd7 11. b3 Re8 12. Bb2 Qc8 13. d5 Ne7 14. c4 a5 15. c5 Bh3 16. cxd6 cxd6 17.
Rc1 Qd7 18. Nc4 Bxg2 19. Kxg2 Ra6 20. a4 b5 21. axb5 Qxb5 22. Ba3 Nc8 23. h3 Bf8 24. Qd3 a4 25. bxa4 Rxa4 26. Nfd2 Nd7 27. Rb1 Qa6 28. Qb3 h5 29. Qb7 Ncb6 30. Qxa6 Rxa6 31. Bb4 Nxc4 32.
Nxc4 Rc8 33. Na5 f5 34. Nc6 fxe4 35. Rbc1 Re8 36. Bd2 Nf6 37. Nb4 Rb6 38. Rc4 Rb5 39.
Bg5 Nxd5 40. Nxd5 Rxd5 41. Rc7 Rc5 42. Rb7 d5 43. Rb6 Be7 44. Bxe7 Rxe7 45. Rxg6+ Kf7 46.
Rg5 Kf6 47. Rxh5 Rc2 48. g4 Rf7 49. Rf5+ Ke6 50. Rxf7 Kxf7 51. h4 Kf6 52. Kg3 Rc3+ 53. Kg2 Rc2 54. Kf1 Kg6 55. Ra1 d4 56. Ra6+ Kf7 57.
Ra7+ Ke6 58. Ra6+ 1-0